[Event "*** Titled Tuesday 3|2 Blitz"]
[Site "Chess.com"]
[Date "2015.06.02"]
[Round "7"]
[White "facu57"]
[Black "9ShMat2"]
[Result "0-1"]
[WhiteElo "2212"]
[BlackElo "2516"]
[TimeControl "180+2"]
[EndTime "12:32:29 PDT"]
[Termination "9ShMat2 won by checkmate"]

1. e4 c5 2. Nc3 Nc6 3. g3 g6 4.
Bg2 Bg7 5. f4 e6 6. d3 Nge7 7. Nf3 d6 8. O-O O-O 9. Be3 Nd4 10. Rb1 Bd7 11. Ne2 Nec6 12. c3 Nxf3+ 13. Bxf3 Rc8 14. a3 a5 15. d4 cxd4 16. Nxd4 Nxd4 17. Bxd4 Qc7 18. Be3 Bc6 19. Qd3 Rfd8 20. Rbd1 d5 21. e5 Ba4 22. Rd2 b6 23. Qd4 Qc5 24. Kg2 Bf8 25. Re1 Bb5 26. f5 Qxd4 27. Bxd4 Bc5 28. f6 Bc4 29. Bd1 h5 30. Kf3 Bxd4 31.
Rxd4 Kh7 32. Rg1 Rh8 33. Bc2 b5 34. Ke3 a4 35. Bd1 Rb8 36. g4 hxg4 37. Rdxg4 Kg8 38. h4 Kf8 39. Rd4 Rh6 40. h5 Rc8 41. hxg6 fxg6 42. Bc2 Kf7 43. Rdg4 Rg8 44. Kd4 Be2 45. R4g3 Rh4+ 46.
Kc5 Bh5 47. R1g2 Rc4+ 48. Kb6 Rb8+ 49. Ka7 Rg8 50. Kb6 Rb8+ 51. Ka6 Rg8 52. Bd3 Rc7 53. Kb6 Rcc8 54. Kxb5 Rb8+ 55. Kc5 Rgc8+ 56. Kd4 Rg8 57. Ke3 Rb6 58. Bc2 Ra6 59. Rh3 Ra7 60. Rh4 Rga8 61. Rb4 Rc7 62. Rxa4 Rg8 63. Rb4 Ra7 64. a4 Rc8 65.
Kd4 Rcc7 66. b3 Ra5 67. Rb6 Raa7 68. Bd3 Ra8 69. Be2 Bxe2 70. Rxe2 Rh8 71. Re3 Rh4+ 72. Kd3 Rh1 73. Kc2 d4 74. Rd3 Rh2+ 75. Rd2 Rxc3+ 76.
Kd1 Rh1+ 77. Ke2 Re3+ 78. Kf2 Rh2+ 79. Kf1 Rxd2 80. Rb7+ Ke8 81. Rb8+ Kd7 82. Rb7+ Kc6 83. Re7 Ree2 84. Rxe6+ Kd5 85. Re8 d3 86. f7 Rd1# 0-1

[Event "*** Titled Tuesday 3|2 Blitz"]
[Site "Chess.com"]
[Date "2015.06.02"]
[Round "7"]
[White "GregShahade"]
[Black "Philofive"]
[Result "0-1"]
[WhiteElo "2320"]
[BlackElo "2221"]
[TimeControl "180+2"]
[EndTime "12:33:19 PDT"]
[Termination "Philofive won on time"]

1. c4 g6 2. Nc3 Bg7 3. g3 d6 4. Bg2 Nf6 5. Nf3 O-O 6. O-O Nc6 7. d3 h6 8. Rb1 e5 9. b4 Nd4 10. Nd2 h5 11. e3 Ne6 12. e4 h4 13. Nb3 Nh5 14. Be3 Kh7 15. a4 Bd7 16. b5 Rh8 17.
Qf3 Kg8 18. Nd5 c6 19. bxc6 bxc6 20. Nc3 Ng5 21. Bxg5 Qxg5 22. Rfe1 Bh6 23. Qe2 Kg7 24.
c5 Qe7 25. d4 Rab8 26. cxd6 Qxd6 27. dxe5 Qxe5 28. Qc2 hxg3 29. hxg3 Nxg3 30. Qd3 Be6 31. Nd4 Rxb1 32. Rxb1 Nh5 33. Nxc6 Qc5 34. Qd4+ Qxd4 35. Nxd4 Nf4 36. Bf1 Rc8 37. Nce2 Nxe2+ 38. Bxe2 Kf6 39. Rb7 a5 40. Nxe6 fxe6 41. Rb5 Rc2 42. Kf1 Bd2 43. e5+ Kg5 44. Rb6 Ra2 45. Rxe6 Rxa4 46. Bd3 Kf4 47. Re8 Bb4 48. e6 Ra3 49. Bxg6 Rh3 50. e7 Ke5 51.
Ra8 Bxe7 52. Rxa5+ Kf6 53. Be4 Rh4 54. Bf3 Rf4 55.
Kg2 Rf5 56. Ra6+ Kg7 57. Be4 Rf7 58. Rc6 Bf6 59. f3 Be5 60. Kh3 Rf6 61. Rc5 Bd6 62. Rb5 Rf4 63. Rb6 Rf6 64. Rb7+ Rf7 65. Rb6 Rf6 66. Kg4 Be5 67. Rb7+ Rf7 68. Rb5 Bd6 69. Kh5 Bf4 70. Rb6 Rf6 71. Rb7+ Rf7 72. Rb1 Be5 73. Rg1+ Kf6 74. Rg6+ Ke7 75. Ra6 Bd6 76. Kg5 Rg7+ 77. Bg6 Be5 78. Ra7+ Kf8 79. Ra8+ Ke7 80. f4 Bxf4+ 81.
Kf5 Bc7 82. Ra7 Kd8 83. Ra8+ Kd7 84. Be8+ Kd6 85. Kf6 Rg1 86. Ra6+ Kd5 87. Bf7+ Kc5 88. Be8 Bb6 89. Ra2 Rf1+ 90. Kg5 Rg1+ 91. Kf5 Rf1+ 92. Ke4 Re1+ 93. Kf5 Rxe8 94. Rc2+ Kd5 0-1

[Event "*** Titled Tuesday 3|2 Blitz"]
[Site "Chess.com"]
[Date "2015.06.02"]
[Round "8"]
[White "lorcho"]
[Black "9ShMat2"]
[Result "1/2-1/2"]
[WhiteElo "2499"]
[BlackElo "2516"]
[TimeControl "180+2"]
[EndTime "12:36:14 PDT"]
[Termination "Game drawn by agreement"]

1. e4 c5 2. Nc3 Nc6 3. g3 g6 4.
Bg2 Bg7 5. d3 d6 6. f4 e6 7. Nf3 Nge7 8. O-O O-O 9. Be3 Nd4 10.
e5 Nef5 11. Bf2 dxe5 12. Nxe5 Rb8 13. Ne4 f6 14. Nc4 b6 15. c3 Nb5 16. Qe2 Nc7 17.
g4 Nh6 18. g5 Nf5 19. Nxf6+ Bxf6 20. gxf6 Qxf6 21. Bg3 Bb7 1/2-1/2

[Event "*** Titled Tuesday 3|2 Blitz"]
[Site "Chess.com"]
[Date "2015.06.02"]
[Round "8"]
[White "FearNoEvil12"]
[Black "adypady02"]
[Result "0-1"]
[WhiteElo "1956"]
[BlackElo "2259"]
[TimeControl "180+2"]
[EndTime "12:36:34 PDT"]
[Termination "adypady02 won by resignation"]

1. Nf3 Nf6 2. c4 g6 3. Nc3 Bg7 4. e4 d6 5. d4 O-O 6. h3 e5 7. d5 Nh5 8. Bg5 Qe8 9. g4 Nf4 10. Bxf4 exf4 11. Qc2 f5 12. gxf5 gxf5 13. Bd3 Na6 14. O-O-O Nb4 15. Qd2 Nxd3+ 16. Qxd3 fxe4 17. Qxe4 Qh5 18. Rhg1 Bf5 19. Qd4 Bg6 20. Ng5 Bxd4 0-1

[Event "*** Titled Tuesday 3|2 Blitz"]
[Site "Chess.com"]
[Date "2015.06.02"]
[Round "8"]
[White "zmaj23"]
[Black "patzerplay"]
[Result "1-0"]
[WhiteElo "2421"]
[BlackElo "2185"]
[TimeControl "180+2"]
[EndTime "12:37:23 PDT"]
[Termination "zmaj23 won by resignation"]

1. e4 e6 2. Nc3 d6 3. d4 Ne7 4. Nf3 g6 5. Be3 Bg7 6. Qd2 Nd7 7. O-O-O O-O 8. h4 Re8 9. h5 Nf8 10. Bh6 b6 11. Bxg7 Kxg7 12. hxg6 fxg6 13. Qh6+ Kg8 14.
Ng5 Nc6 15. Nxh7 Qe7 16. Nxf8 Rxf8 17. Qh8+ Kf7 18. Rh7+ Ke8 19. Rxe7+ Nxe7 20. Qh4 Bb7 21. d5 exd5 22. exd5 Kd7 23. Bb5+ 1-0

[Event "*** Titled Tuesday 3|2 Blitz"]
[Site "Chess.com"]
[Date "2015.06.02"]
[Round "8"]
[White "AlexanderL"]
[Black "GMNeiksans"]
[Result "0-1"]
[WhiteElo "2522"]
[BlackElo "2522"]
[TimeControl "180+2"]
[EndTime "12:37:40 PDT"]
[Termination "GMNeiksans won - game abandoned"]

1. d4 Nf6 2. Bf4 e6 3. e3 b6 4. Nf3 Bb7 5. h3 d5 6. Bd3 Bd6 7. Ne5 O-O 8. Nd2 c5 9. c3 Nc6 10. Bg3 Qc7 11. f4 Ne7 12. O-O Nf5 13. Bf2 Ne4 14.
Bxe4 dxe4 15. g4 Ne7 16. Nec4 Nd5 17. Nxd6 Qxd6 18. dxc5 Qxc5 19. Qe2 f5 0-1

[Event "*** Titled Tuesday 3|2 Blitz"]
[Site "Chess.com"]
[Date "2015.06.02"]
[Round "8"]
[White "Krutoy123"]
[Black "Tal-Baronfew"]
[Result "0-1"]
[WhiteElo "2138"]
[BlackElo "2639"]
[TimeControl "180+2"]
[EndTime "12:38:07 PDT"]
[Termination "Tal-Baronfew won by resignation"]

1. b3 e5 2. Bb2 Nc6 3. e3 Nf6 4. Bb5 e4 5. Ne2 a6 6. Bxc6 dxc6 7. O-O Bd6 8. h3 Bf5 9. f3 Qd7 10. fxe4 Nxe4 11. Qe1 Bxh3 12. gxh3 Qxh3 13. Nf4 Qg4+ 14. Kh2 g5 15. Nc3 gxf4 16. Nxe4 Qh5+ 0-1

[Event "*** Titled Tuesday 3|2 Blitz"]
[Site "Chess.com"]
[Date "2015.06.02"]
[Round "8"]
[White "Tirantes"]
[Black "E-Shaposhnikov"]
[Result "1-0"]
[WhiteElo "2262"]
[BlackElo "2297"]
[TimeControl "180+2"]
[EndTime "12:38:43 PDT"]
[Termination "Tirantes won by checkmate"]

1. Nf3 c5 2. c4 Nc6 3. Nc3 g6 4. e3 Nf6 5. d4 cxd4 6. exd4 d5 7. cxd5 Nxd5 8. Qb3 Nxc3 9. Bc4 e6 10. bxc3 Bg7 11. Ba3 Bf8 12. Bxf8 Kxf8 13. O-O Kg7 14. Bb5 Bd7 15.
Qb2 Qf6 16. Bxc6 Bxc6 17. Ne5 h5 18. c4 h4 19. f4 Rad8 20. Rad1 Be4 21. Ng4 Qe7 22. d5+ f6 23. Rfe1 exd5 24. cxd5 h3 25. Rxe4 Qxe4 26. Qxf6+ Kh7 27. Qf7# 1-0

[Event "*** Titled Tuesday 3|2 Blitz"]
[Site "Chess.com"]
[Date "2015.06.02"]
[Round "8"]
[White "Viaje"]
[Black "Colombiano07"]
[Result "1-0"]
[WhiteElo "2239"]
[BlackElo "2023"]
[TimeControl "180+2"]
[EndTime "12:39:05 PDT"]
[Termination "Viaje won by checkmate"]

1. d4 Nf6 2. c4 d6 3. Nf3 Nbd7 4. Nc3 e5 5. e4 Be7 6. g4 O-O 7. g5 Nh5 8. Be2 g6 9. h4 f5 10. gxf6 Bxf6 11. Ng5 Ng7 12. c5 exd4 13. Bc4+ Kh8 14. Nxh7 Kxh7 15. h5 g5 16. h6 dxc3 17. hxg7+ Kxg7 18. Qh5 Bd4 19. Qh6# 1-0

[Event "*** Titled Tuesday 3|2 Blitz"]
[Site "Chess.com"]
[Date "2015.06.02"]
[Round "8"]
[White "Genghis_K"]
[Black "Tilicheev_Viacheslav"]
[Result "0-1"]
[WhiteElo "2546"]
[BlackElo "2459"]
[TimeControl "180+2"]
[EndTime "12:39:14 PDT"]
[Termination "Tilicheev_Viacheslav won by resignation"]

1. e4 c5 2. Nf3 d6 3. d4 cxd4 4. Nxd4 Nf6 5. Nc3 Nc6 6. Bg5 e6 7. Qd2 a6 8. O-O-O Bd7 9. f4 h6 10. Bh4 Nxe4 11. Qe1 Nf6 12. Nf5 Qa5 13. Nxd6+ Bxd6 14.
Rxd6 Qc7 15. Qd2 O-O-O 16. Bxf6 gxf6 17. Be2 Ne7 18. Rd1 Nd5 19. Nxd5 Qxd6 20. Nxf6 Qxd2+ 21. Rxd2 Bc6 22. Bd3 Rd4 23. g3 Kc7 24. Re2 h5 25.
Rf2 h4 26. Kd2 hxg3 27. hxg3 Rh3 28. Kc3 Rd8 29. g4 Bb5 30. g5 Bxd3 31. cxd3 Rdxd3+ 32. Kc2 Rdf3 33. Rd2 Kc6 34. a3 Rxf4 35. Rd8 Rf2+ 36. Kb1 Rh1+ 37. Ka2 Rhh2 38. Rc8+ Kd6 39. Rd8+ Kc7 40.
Rd7+ Kc6 41. a4 Rxf6 0-1

[Event "*** Titled Tuesday 3|2 Blitz"]
[Site "Chess.com"]
[Date "2015.06.02"]
[Round "8"]
[White "ruifeng"]
[Black "Theladies"]
[Result "1-0"]
[WhiteElo "2137"]
[BlackElo "1932"]
[TimeControl "180+2"]
[EndTime "12:39:14 PDT"]
[Termination "ruifeng won by resignation"]

1. e4 c5 2. Nc3 g6 3. g3 Bg7 4.
Bg2 Nc6 5. d3 d6 6. Be3 Nf6 7.
Nge2 O-O 8. O-O Rb8 9. h3 Bd7 10. Qd2 Re8 11. f4 b5 12. f5 b4 13. Nd1 e6 14. fxe6 fxe6 15. Bh6 Bh8 16. Ne3 Qe7 17. Bg5 Rf8 18. Ng4 e5 19. Nh6+ Kg7 20. g4 Qe6 21. Ng3 Ne7 22. Bxf6+ Rxf6 23. Qg5 Kf8 24.
Rxf6+ Bxf6 25. Rf1 Nf5 26. gxf5 Bxg5 27. fxe6+ Kg7 28. exd7 1-0

[Event "*** Titled Tuesday 3|2 Blitz"]
[Site "Chess.com"]
[Date "2015.06.02"]
[Round "8"]
[White "GMG"]
[Black "Cryptochess"]
[Result "1-0"]
[WhiteElo "2454"]
[BlackElo "2369"]
[TimeControl "180+2"]
[EndTime "12:39:44 PDT"]
[Termination "GMG won by checkmate"]

1. d4 Nf6 2. Bg5 e6 3. e4 h6 4. Bxf6 Qxf6 5. Nc3 g6 6. Qd2 Bg7 7. O-O-O d6 8. f4 O-O 9. Nf3 a6 10. h4 b5 11. e5 Qe7 12. h5 c5 13. Ne4 dxe5 14. dxe5 Bb7 15. Nd6 Bd5 16. hxg6 fxg6 17. Bd3 Nc6 18. Bxg6 Bxf3 19. gxf3 Nd4 20. Be4 Rad8 21. c3 Nf5 22. Bxf5 exf5 23. Rdg1 Kh7 24. Qg2 Rxd6 25. exd6 Qf6 26. Rh3 Rf7 27. Rg3 Bf8 28. Rg6 Qh4 29. Rxh6+ Kxh6 30. Qg6# 1-0

[Event "*** Titled Tuesday 3|2 Blitz"]
[Site "Chess.com"]
[Date "2015.06.02"]
[Round "8"]
[White "Hikaru"]
[Black "Konavets"]
[Result "1-0"]
[WhiteElo "2815"]
[BlackElo "2468"]
[TimeControl "180+2"]
[EndTime "12:39:57 PDT"]
[Termination "Hikaru won by resignation"]

1. e4 e5 2. Nf3 Nc6 3. Bc4 Bc5 4. d4 Nxd4 5. Nxe5 Qf6 6. Nd3 Bb6 7. Nc3 c6 8. e5 Qe7 9. O-O Kf8 10. Re1 Nh6 11. Ne4 Qh4 12. Bg5 Qg4 13. c3 Qxd1 14.
Raxd1 Ne6 15. Bxe6 fxe6 16. Bxh6 gxh6 17. Nd6 Bc7 18.
Nf4 Bxd6 19. Rxd6 Rg8 20. Nh5 Rg5 21. Nf6 Ke7 22. f4 Rf5 23. Rd4 c5 24. Rde4 d5 25.
R4e3 Rxf4 26. Rh3 Bd7 27. Rg3 Be8 28. Rg7+ Bf7 29. Rxh7 d4 30. cxd4 cxd4 31. Rc1 Rf8 32. Rc7+ Kd8 33. Rhxf7 Rxf7 34. Rxf7 Kc8 35. Rf8+ 1-0

[Event "*** Titled Tuesday 3|2 Blitz"]
[Site "Chess.com"]
[Date "2015.06.02"]
[Round "8"]
[White "Cruel_Yaro"]
[Black "MITerryble"]
[Result "0-1"]
[WhiteElo "2539"]
[BlackElo "2544"]
[TimeControl "180+2"]
[EndTime "12:39:57 PDT"]
[Termination "MITerryble won by resignation"]

1. d4 e6 2. e4 d5 3. e5 c5 4. c3 Qb6 5. Nf3 Bd7 6. Bd3 cxd4 7. Nxd4 Nc6 8. Nf3 f5 9. O-O Nh6 10. Bxh6 gxh6 11. Qe2 Bg7 12. Na3 a6 13. Nc2 Qxb2 14.
Rab1 Qxc3 15. Rxb7 Na5 16. Rb4 O-O 17. Rh4 Nc6 18.
Ncd4 Nxd4 19. Nxd4 Rab8 20. Bxa6 Rb2 21. Qd1 Rxa2 22.
Bd3 Rd2 0-1

[Event "*** Titled Tuesday 3|2 Blitz"]
[Site "Chess.com"]
[Date "2015.06.02"]
[Round "8"]
[White "jlandaw"]
[Black "pedromartinez91"]
[Result "1-0"]
[WhiteElo "2332"]
[BlackElo "2122"]
[TimeControl "180+2"]
[EndTime "12:40:33 PDT"]
[Termination "jlandaw won by resignation"]

1. e4 c5 2. Nc3 g6 3. g3 Bg7 4.
Bg2 Nc6 5. d3 d6 6. f4 Rb8 7. a3 h5 8. Nf3 h4 9. Nxh4 Rxh4 10.
gxh4 e6 11. O-O Qxh4 12. Nb5 Kd7 13. Qe1 Qh8 14. e5 d5 15. Nd6 Ke7 16. d4 cxd4 17.
c3 d3 18. c4 Nd4 19. Qa5 Ne2+ 20. Kf2 Qh4+ 21. Ke3 Bxe5 22. Qc7+ Bd7 23. fxe5 Nh6 24. Kxd3 dxc4+ 25. Qxc4 Qxc4+ 26. Nxc4 Bb5 27. Bxh6 Rd8+ 28. Kxe2 Bxc4+ 29. Ke1 Bxf1 30. Bg5+ Ke8 31. Bxd8 Bxg2 32. Bf6 1-0

[Event "*** Titled Tuesday 3|2 Blitz"]
[Site "Chess.com"]
[Date "2015.06.02"]
[Round "8"]
[White "lexiel"]
[Black "GGuseinov"]
[Result "0-1"]
[WhiteElo "1942"]
[BlackElo "2449"]
[TimeControl "180+2"]
[EndTime "12:40:43 PDT"]
[Termination "GGuseinov won by resignation"]

1. d4 Nf6 2. Nf3 g6 3. e3 Bg7 4. c4 O-O 5. Be2 d6 6. O-O Nbd7 7. Nc3 b6 8. b4 Bb7 9. a4 a5 10. Ba3 axb4 11. Bxb4 c5 12. Ba3 Ne4 13. Nxe4 Bxe4 14. Nd2 Bc6 15. Bb2 Qc7 16. Qc2 e6 17. Rfd1 Ra7 18.
d5 exd5 19. Bxg7 Kxg7 20. cxd5 Bxd5 21. Nc4 Nf6 22. Rxd5 Nxd5 23. Qd2 Nf6 24. Nxd6 Rd8 25. Rd1 Rxd6 26. Qxd6 Qxd6 27. Rxd6 Rxa4 28. Rxb6 Ra1+ 29.
Bf1 c4 30. Rb2 c3 31. Rc2 Ne4 32. h4 Nd2 33. Rxc3 Rxf1+ 34. Kh2 Rxf2 35. Kg3 Ne4+ 0-1

[Event "*** Titled Tuesday 3|2 Blitz"]
[Site "Chess.com"]
[Date "2015.06.02"]
[Round "8"]
[White "esr44"]
[Black "WanderingPuppet"]
[Result "1-0"]
[WhiteElo "2023"]
[BlackElo "2104"]
[TimeControl "180+2"]
[EndTime "12:40:43 PDT"]
[Termination "esr44 won by resignation"]

1. d4 Nf6 2. c4 g6 3. Nc3 Bg7 4. e4 d6 5. Nf3 O-O 6. h3 c5 7. d5 e6 8. Bd3 exd5 9. exd5 Re8+ 10. Be3 a6 11. a4 Nbd7 12. O-O Re7 13. Qd2 Nf8 14. Bg5 Bd7 15. Qf4 Nh5 16. Qxd6 f6 17. Be3 Rxe3 18. fxe3 f5 19. Qxc5 Rc8 20. Qb4 Qe8 21.
Rae1 Ng3 22. Rf2 Bh6 23. e4 f4 24. e5 Bf5 25. Ne4 g5 26. Nf6+ Kf7 27. Nxe8 Rxe8 28. Bxf5 Nxf5 29. e6+ Kg6 30. Ne5+ Kh5 31. Qxb7 Ng6 32.
Qxh7 Nxe5 33. Rxe5 Ng3 1-0

[Event "*** Titled Tuesday 3|2 Blitz"]
[Site "Chess.com"]
[Date "2015.06.02"]
[Round "8"]
[White "Philofive"]
[Black "Zvonokchess"]
[Result "1-0"]
[WhiteElo "2234"]
[BlackElo "2486"]
[TimeControl "180+2"]
[EndTime "12:41:01 PDT"]
[Termination "Philofive won by resignation"]

1. d4 Nf6 2. Bg5 d5 3. e3 Ne4 4.
Bf4 c6 5. Bd3 e6 6. c3 Bd6 7.
Ne2 Qc7 8. Qc2 f5 9. f3 Nf6 10. Nd2 Nbd7 11. Bxd6 Qxd6 12. e4 fxe4 13. fxe4 e5 14. O-O O-O 15. exd5 Nxd5 16. Rxf8+ Nxf8 17. Nc4 Qe7 18. Nxe5 Be6 19. Qd2 Re8 20. b4 Qh4 21.
Rf1 Nd7 22. Nxd7 Bxd7 23. Nf4 Ne3 24. Rf3 Nd5 25. Nxd5 cxd5 26. Re3 Rf8 27. Qe1 Qf6 28. Re7 Bc6 29. b5 h6 30. bxc6 bxc6 31. Qe6+ Qxe6 32.
Rxe6 Rb8 33. Bg6 Rb2 1-0

[Event "*** Titled Tuesday 3|2 Blitz"]
[Site "Chess.com"]
[Date "2015.06.02"]
[Round "8"]
[White "Keaton87"]
[Black "David_Klein"]
[Result "1-0"]
[WhiteElo "2402"]
[BlackElo "2270"]
[TimeControl "180+2"]
[EndTime "12:41:03 PDT"]
[Termination "Keaton87 won by resignation"]

1. d4 f5 2. Nf3 Nf6 3. c4 g6 4. g3 Bg7 5. Bg2 O-O 6. O-O d6 7. Nc3 Nc6 8. d5 Ne5 9. Nxe5 dxe5 10. Be3 e6 11. dxe6 Bxe6 12. Bxb7 Rb8 13. Bc6 Rxb2 14. Bc5 Qxd1 15. Rfxd1 Rc8 16. Bxa7 Bxc4 17.
a4 e4 18. Bd4 Ng4 19. a5 Ne5 20. Bd5+ Kh8 21. a6 Bxd5 22. Nxd5 Rbb8 23. a7 Ra8 24. Rac1 Nf7 25. Nxc7 Bxd4 26. Nxa8 Rxa8 27. Rxd4 Rxa7 28.
Rdc4 Kg7 29. Rc7 Ra6 30. Rb7 Rf6 31. Rcc7 h5 32. h4 Kg8 33. Kg2 Kg7 34. Kf1 Kg8 35.
Ke1 Kg7 36. Kd2 Kg8 37. Ke3 Kg7 38. Kf4 Kg8 39. f3 exf3 40. exf3 Kg7 41. Rb4 Kg8 42.
Rbc4 Re6 43. R4c6 Re1 44. Rxg6+ Kf8 45. Rf6 Re7 46. Rxe7 Kxe7 47. Rxf7+ Kxf7 48. Kxf5 1-0

[Event "*** Titled Tuesday 3|2 Blitz"]
[Site "Chess.com"]
[Date "2015.06.02"]
[Round "8"]
[White "megarompa"]
[Black "VovAn1991"]
[Result "1-0"]
[WhiteElo "2695"]
[BlackElo "2463"]
[TimeControl "180+2"]
[EndTime "12:41:14 PDT"]
[Termination "megarompa won by resignation"]

1. d4 Nf6 2. Bg5 Ne4 3. Bf4 c5 4. f3 Qa5+ 5. c3 Nf6 6. Nd2 cxd4 7. Nb3 Qd8 8. cxd4 d5 9. e3 Nc6 10. Rc1 e6 11. Bd3 Bb4+ 12. Kf2 O-O 13. Ne2 Nh5 14.
Bg3 f6 15. Qc2 g6 16. a3 Be7 17. Nf4 Nxf4 18. Bxf4 Rf7 19. Rhe1 e5 20. Bg3 a6 21.
Kg1 Bd6 22. Kh1 Kh8 23. e4 dxe4 24. Bxe4 Nxd4 25. Nxd4 exd4 26. Bf2 Be5 27. Rcd1 Be6 28. f4 Bxf4 29. Rxd4 Rd7 30. Bxb7 Rb8 31. Rxf4 Rdxb7 32.
Rxe6 Rxb2 33. Qe4 Rb1+ 34. Bg1 Qd1 35. Re8+ Kg7 36. Qe7+ Kh6 37. Rh4+ Kg5 38. Qe3+ Kxh4 39. Qh6+ Kg4 40. Re4+ 1-0

[Event "*** Titled Tuesday 3|2 Blitz"]
[Site "Chess.com"]
[Date "2015.06.02"]
[Round "8"]
[White "JustaTrickstar"]
[Black "kleinebeer98"]
[Result "1/2-1/2"]
[WhiteElo "2430"]
[BlackElo "2281"]
[TimeControl "180+2"]
[EndTime "12:41:15 PDT"]
[Termination "Game drawn - insufficient material"]

1. d4 Nf6 2. c4 c6 3. Nc3 d5 4.
Nf3 e6 5. e3 Nbd7 6. Qc2 Bd6 7.
Bd3 O-O 8. O-O dxc4 9. Bxc4 e5 10. Rd1 Qc7 11. h3 exd4 12. Nxd4 Ne5 13. Be2 a6 14. f4 Ng6 15. Bf3 Nh4 16. Be2 Re8 17. Nf3 Nxf3+ 18. Bxf3 Bc5 19. Ne4 Nxe4 20. Bxe4 Qb6 21.
Bxh7+ Kh8 22. Bf5 Bxe3+ 23. Kh1 Bxc1 24. Raxc1 Qe3 25. Bxc8 Raxc8 26. Qf5 Qe6 27. Qxe6 Rxe6 28. Rd7 Rf6 29. Rxb7 Rxf4 30. Rb6 Ra4 31. a3 c5 32. Rc3 Ra5 33. b4 Rb5 34. Rxb5 axb5 35. Rxc5 Ra8 36. Rxb5 Rxa3 37. Rf5 Rb3 38. Rf4 Kh7 39. h4 f5 40.
g4 fxg4 41. Rxg4 Kh6 42. Kg2 Kh5 43. Rc4 g5 44. hxg5 Kxg5 45. Kf2 Kf5 46. Ke2 Ke5 47. Kd2 Kd5 48. Rc5+ Kd4 49. Rh5 Rxb4 50. Rh4+ Kc5 51.
Rxb4 Kxb4 1/2-1/2

[Event "*** Titled Tuesday 3|2 Blitz"]
[Site "Chess.com"]
[Date "2015.06.02"]
[Round "8"]
[White "Aragon"]
[Black "MartinZumsande"]
[Result "0-1"]
[WhiteElo "2112"]
[BlackElo "2303"]
[TimeControl "180+2"]
[EndTime "12:41:35 PDT"]
[Termination "MartinZumsande won by resignation"]

1. e4 e6 2. c4 c5 3. Nc3 Nc6 4. g3 g6 5. Bg2 d6 6. Nge2 Bg7 7. O-O Nge7 8. d3 O-O 9. Be3 Nd4 10. Rb1 Nec6 11.
a3 a5 12. Nb5 Nxb5 13. cxb5 Nd4 14. Nxd4 cxd4 15. Bf4 Qb6 16. a4 e5 17. Bg5 Be6 18. f4 f6 19. f5 Bd7 20. Qb3+ Kh8 21. Bd2 Be8 22. fxg6 hxg6 23. Bh3 Bf7 24. Be6 Qc7 25. Rfc1 Qe7 26. Bd5 f5 27. b6 fxe4 28. Rc7 Bxd5 29. Qxd5 Qf6 30. Qxb7 e3 31. Rxg7 Qxg7 32. Qxg7+ Kxg7 33. b7 Rab8 34. Bxa5 Rxb7 35. b4 Rf2 36. Rf1 Ra2 37.
Re1 Rxa4 38. Kg2 Ra3 39. Rd1 Rb3 40. Kf3 d5 41. h4 Rf7+ 42. Kg4 e2 43. Re1 Rb2 44. Bb6 Rf1 0-1

[Event "*** Titled Tuesday 3|2 Blitz"]
[Site "Chess.com"]
[Date "2015.06.02"]
[Round "8"]
[White "oggy1984"]
[Black "1random"]
[Result "1-0"]
[WhiteElo "2318"]
[BlackElo "2047"]
[TimeControl "180+2"]
[EndTime "12:41:45 PDT"]
[Termination "oggy1984 won by checkmate"]

1. d4 Nf6 2. c4 e6 3. Nc3 Bb4 4. Qc2 O-O 5. e4 d5 6. e5 Ne4 7. a3 Bxc3+ 8. bxc3 c5 9. Bb2 Nc6 10. O-O-O cxd4 11. cxd4 Na5 12. f3 dxc4 13. fxe4 Bd7 14. Kb1 Qe8 15. Qc3 b6 16. Nf3 Ba4 17. Re1 Bb3 18.
d5 Nb7 19. Bxc4 Bxc4 20. Qxc4 Rc8 21. Qe2 Nc5 22. Rc1 Qa4 23. Nd4 Rfd8 24. Qf3 Nd7 25. dxe6 Nxe5 26. exf7+ Nxf7 27. Ne6 Rxc1+ 28. Rxc1 Re8 29.
Rc7 Ne5 30. Rxg7+ Kh8 31. Rc7 Rg8 32. Bxe5+ Rg7 33. Qf8# 1-0

[Event "*** Titled Tuesday 3|2 Blitz"]
[Site "Chess.com"]
[Date "2015.06.02"]
[Round "8"]
[White "aripov96"]
[Black "amandarm"]
[Result "1-0"]
[WhiteElo "2254"]
[BlackElo "2012"]
[TimeControl "180+2"]
[EndTime "12:41:54 PDT"]
[Termination "aripov96 won by resignation"]

1. Nf3 c5 2. c4 e6 3. g3 Nf6 4. Bg2 Nc6 5. O-O d6 6. d4 Be7 7. d5 exd5 8. cxd5 Nb8 9. Nc3 O-O 10. e4 Nbd7 11. Re1 a6 12. a4 Rb8 13. e5 Ng4 14.
exd6 Bxd6 15. Ne4 Bc7 16. Nfg5 Ndf6 17. h3 Nxe4 18. Nxe4 Ne5 19. Nxc5 Bb6 20. b4 Nc4 21. Qd4 Nd6 22. Bb2 f6 23. a5 Ba7 24. Qf4 Nf7 25.
Ne6 Bxe6 26. dxe6 Ne5 27. Rad1 Qe7 28. Rf1 Kh8 29. Bxe5 fxe5 30. Qxe5 Qxb4 31. Rd7 Rg8 32. e7 Rbe8 33. Bd5 Bb8 34. Qe6 Qc3 35. Qxg8+ Rxg8 36.
Bxg8 Ba7 37. Kh2 Qe5 38. Be6 1-0

[Event "*** Titled Tuesday 3|2 Blitz"]
[Site "Chess.com"]
[Date "2015.06.02"]
[Round "8"]
[White "Malev212"]
[Black "facu57"]
[Result "0-1"]
[WhiteElo "2215"]
[BlackElo "2221"]
[TimeControl "180+2"]
[EndTime "12:41:56 PDT"]
[Termination "facu57 won on time"]

1. Nf3 c6 2. b3 d5 3. Bb2 Nf6 4. e3 Bg4 5. h3 Bxf3 6. Qxf3 e6 7. g4 h6 8. Be2 Nbd7 9. Nc3 Qa5 10. a3 e5 11. h4 O-O-O 12. g5 Ne8 13. Rg1 Bd6 14.
Qxf7 Kb8 15. b4 Qc7 16. d3 Qb6 17. Qg6 hxg5 18. hxg5 a5 19. b5 d4 20. Ne4 dxe3 21.
O-O-O exf2 22. Rgf1 cxb5 23. Rxf2 Bxa3 24. Qxb6 Bxb2+ 25. Kxb2 Nxb6 26. Rdf1 g6 27. Rf8 Nc7 28. Rxd8+ Rxd8 29. Rf6 Ncd5 30. Rxg6 Na4+ 31. Kb3 Nf4 32. Rf6 Nxe2 33.
g6 Nd4+ 34. Ka2 Rg8 35. c4 b4 36. c5 Nc3+ 37. Kb2 Nd5 0-1

[Event "*** Titled Tuesday 3|2 Blitz"]
[Site "Chess.com"]
[Date "2015.06.02"]
[Round "8"]
[White "RitvarsReimanis"]
[Black "Gevorg_Harutjunyan"]
[Result "1-0"]
[WhiteElo "2379"]
[BlackElo "2523"]
[TimeControl "180+2"]
[EndTime "12:42:08 PDT"]
[Termination "RitvarsReimanis won by resignation"]

1. d4 Nf6 2. Bg5 e6 3. e3 b6 4. Be2 Bb7 5. Bf3 d5 6. Ne2 Nbd7 7. O-O h6 8. Bxf6 Nxf6 9. c4 Bd6 10. Qa4+ c6 11. cxd5 exd5 12. Ng3 O-O 13. Nc3 Re8 14. Rac1 a5 15. Qd1 b5 16. Re1 a4 17. a3 Qa5 18.
Na2 b4 19. axb4 Bxb4 20. Nxb4 Qxb4 21. Rc2 Re6 22. Qd2 Qb6 23. Ra1 Ra5 24. h3 g6 25.
Qc1 h5 26. Ne2 Ba6 27. Nf4 Rd6 28. Rc5 g5 29. Qc3 Rb5 30. Rxb5 cxb5 31. Nxh5 Nxh5 32. Bxh5 b4 33. Qc5 Bb5 34. Qxb4 Rf6 35. Bf3 Qc6 36. Qc5 Qxc5 37. dxc5 Bc6 38. Bd1 Bb7 39. Rxa4 Kg7 40. b4 d4 41. exd4 Re6 42. Bf3 Re1+ 43. Kh2 Bc8 44.
b5 f5 45. b6 g4 46. b7 Bxb7 47. Bxb7 Rb1 48. c6 f4 49. hxg4 Rb2 50. c7 1-0

[Event "*** Titled Tuesday 3|2 Blitz"]
[Site "Chess.com"]
[Date "2015.06.02"]
[Round "8"]
[White "jcibarra"]
[Black "TomsKantans"]
[Result "1-0"]
[WhiteElo "2528"]
[BlackElo "2268"]
[TimeControl "180+2"]
[EndTime "12:42:09 PDT"]
[Termination "jcibarra won by resignation"]

1. e4 c5 2. Nf3 Nf6 3. e5 Nd5 4. c3 Nc6 5. d4 cxd4 6. cxd4 d6 7. Bc4 Nb6 8. Bb3 d5 9. h3 Bf5 10. Nh4 Bg6 11. e6 Qd6 12. exf7+ Bxf7 13. O-O e6 14. Nc3 Be7 15. Nf3 O-O 16. Re1 Rae8 17. Ng5 Bf6 18. Nb5 Qd8 19. Nf3 a6 20. Nc3 Bh5 21. g4 Bg6 22. Be3 Nc4 23. Qe2 b5 24. Bc2 Bxc2 25.
Qxc2 e5 26. dxe5 N6xe5 27. Nd4 Nxe3 28. Rxe3 Nxg4 29. Rxe8 Qxe8 30. Qb3 Nxf2 31. Nxd5 Qg6+ 32. Kf1 Kh8 33. Ne6 Re8 34. Ndf4 Qe4 35. Kxf2 Bd4+ 36. Kg3 Be5 37. Rf1 g5 38. Nxg5 Rg8 39. Qxg8+ Kxg8 40. Nxe4 1-0